 Dungeon Sprint DCSS version 0.29-a0-321-gf1c400731a (webtiles) character file.

Game seed: 12341561873204065599

417 mhtbhm the Grappler (level 6, -3/68 HPs)
             Began as a Troll Berserker on Apr 3, 2022.
             Was an Elder of Trog.
             Slain by an unseen horror (6 damage)
             ... in the Dungeon (Sprint IX: "|||||||||||||||||||||||||||||").
             The game lasted 00:00:32 (165 turns).

mhtbhm the Grappler (Troll Berserker)                Turns: 165, Time: 00:00:32

Health: -3/68      AC:  4    Str: 28    XL:     6   Next: 61%
Magic:  5/5        EV: 12    Int:  6    God:    Trog [****..]
Gold:   0          SH:  0    Dex: 12    Spells: 5/5 levels left

rFire   . . .      SeeInvis .     - Unarmed
rCold   . . .      Faith    .   (no shield)
rNeg    . . .      Spirit   .   a - +0 animal skin
rPois   .          Reflect  .   (helmet restricted)
rElec   .          Harm     .   (no cloak)
rCorr   .          Rampage  .   (gloves unavailable)
Will    .....      NoTele   +   (boots unavailable)
Stlth   +.........              (no amulet)
HPRegen 1.01/turn               k - +3 ring of dexterity
MPRegen 0.09/turn               j - +3 ring of intelligence

@: lethally poisoned (-3 -> -4), on berserk cooldown, slowed, very slow
A: large, unfitting armour, claws 3, regeneration 1, shaggy fur 1, tough skin 1
a: Renounce Religion, Berserk, Trog's Hand, Brothers in Arms


You were in the Dungeon.
You worshipped Trog.
Trog was greatly pleased with you.
You visited 1 branch

Inventory:

Armour
 a - a +0 animal skin (worn)
Jewellery
 j - a +3 ring of intelligence (right claw)
 k - a +3 ring of dexterity (left claw)
Wands
 i - a wand of iceblast (10)
Scrolls
 g - 2 scrolls of blinking
Potions
 b - 5 potions of curing
 c - 3 potions of heal wounds
 d - a potion of haste
 e - 4 potions of magic
 f - a potion of berserk rage
 h - a potion of invisibility


   Skills:
 + Level 6.9 Fighting
 + Level 7.0 Dodging
 + Level 9.8 Unarmed Combat


You had 5 spell levels left.
You didn't know any spells.
Your spell library was empty.

Dungeon Overview and Level Annotations

Branches:
Dungeon (1/1)

Altars:
Cheibriados
Dithmenos
Elyvilon
Fedhas
Gozag
Hepliaklqana
Kikubaaqudgha
Makhleb
Nemelex Xobeh
Okawaru
Qazlal
Ru
Sif Muna
Trog
Uskayaw
Vehumet
Wu Jian
Xom
Yredelemnul
Zin
The Shining One
Beogh
Jiyva
Lugonu


Innate Abilities, Weirdness & Mutations

You are too large for most types of armour.
You have claws for hands.
Your natural rate of healing is unusually fast.
You are covered in fur. (AC +1)
You have tough skin. (AC +1)


Message History

You feel sick. The hornet barely misses you.
Unknown command.
You mangle the hornet!!
You kill the hornet!
Trog accepts your kill.
You can now call in reinforcements.
You feel sick.
Your Fighting skill gained 2 levels and is now at level 6!
Your Dodging skill gained 2 levels and is now at level 6!
Your Unarmed Combat skill gained 3 levels and is now at level 8!
You have reached level 5!
You have reached level 6!
You feel stronger.
Unknown command.
You barely miss the yak.
You feel sick. The yak barely misses you.
You claw the yak!
The yak is moderately wounded.
You feel sick.
You claw the yak!
The yak is severely wounded.
You feel sick. The yak gores you!
* * * LOW HITPOINT WARNING * * *
You completely miss the yak.
The yak is severely wounded.
You feel sick. The yak gores you!
* * * LOW HITPOINT WARNING * * *
You mangle the yak!!
You kill the yak!
Trog accepts your kill.
You feel sick. Something hits you!
* * * LOW HITPOINT WARNING * * *
Deactivating autopickup; reactivate with Ctrl-A.
Your Dodging skill increases to level 7!
Your Unarmed Combat skill increases to level 9!
Unknown command.
You closely miss something.
You are no longer berserk.
You are exhausted.
You feel as though you will be slow longer.
Something hits you.
You die...

▓.▓
▓.▓
▓.▓
▓T▓
▓K▓
▓y▓
▓†▓
▓@▓
▓.▓
▓[▓
▓[▓
▓[▓
▓.▓
▓)▓
▓?▓
▓.▓


You could see a troll, a vampire mosquito and a kobold brigand.

Vanquished Creatures
  A hornet (D)
  A yak (D)
  A gnoll shaman (D)
  3 adders (D)
  A white imp (D)
  A dart slug (D)
  2 endoplasms (D)
  2 kobolds (D)
12 creatures vanquished.

Notes
Turn   | Place    | Note
-------+----------+-------------------------------------------
     0 | D        | mhtbhm the Troll Berserker began the quest for the Orb.
     0 | D        | Reached XP level 1. HP: 22/22 MP: 0/0
    12 | D        | Reached ** piety under Trog
    22 | D        | Noticed a gnoll shaman
    27 | D        | Reached skill level 4 in Unarmed Combat
    27 | D        | Reached XP level 2. HP: 31/31 MP: 1/1
    28 | D        | Reached *** piety under Trog
    29 | D        | Reached skill level 5 in Unarmed Combat
    29 | D        | Reached XP level 3. HP: 39/39 MP: 2/2
    34 | D        | Reached XP level 4. HP: 49/49 MP: 3/3
    93 | D        | Found a snail-covered altar of Cheibriados.
    93 | D        | Found a shadowy altar of Dithmenos.
    93 | D        | Found a white marble altar of Elyvilon.
    93 | D        | Found a blossoming altar of Fedhas.
    93 | D        | Found an opulent altar of Gozag.
    94 | D        | Found a hazy altar of Hepliaklqana.
    95 | D        | Found a viscous altar of Jiyva.
    96 | D        | Found an ancient bone altar of Kikubaaqudgha.
    97 | D        | Found a corrupted altar of Lugonu.
    98 | D        | Found a burning altar of Makhleb.
    99 | D        | Found a sparkling altar of Nemelex Xobeh.
   100 | D        | Found an iron altar of Okawaru.
   101 | D        | Found a stormy altar of Qazlal.
   102 | D        | Found a sacrificial altar of Ru.
   103 | D        | Found a shimmering blue altar of Sif Muna.
   104 | D        | Found a bloodstained altar of Trog.
   105 | D        | Found a hide-covered altar of Uskayaw.
   106 | D        | Found a radiant altar of Vehumet.
   107 | D        | Found an ornate altar of the Wu Jian Council.
   108 | D        | Found a shimmering altar of Xom.
   109 | D        | Found a basalt altar of Yredelemnul.
   110 | D        | Found a glowing silver altar of Zin.
   111 | D        | Found a glowing golden altar of the Shining One.
   151 | D        | Noticed a troll
   151 | D        | Noticed a kobold brigand
   151 | D        | Noticed a vampire mosquito
   151 | D        | Noticed a yak
   151 | D        | Noticed a hornet
   153 | D        | Paralysed by a hornet for 3 turns
   159 | D        | Killed a hornet
   159 | D        | Reached **** piety under Trog
   160 | D        | Reached skill level 8 in Unarmed Combat
   160 | D        | Reached XP level 5. HP: 29/59 MP: 4/4
   160 | D        | Reached XP level 6. HP: 33/67 MP: 5/5
   164 | D        | Killed a yak
   164 | D        | HP: 3/100 [something (10)]
   165 | D        | Reached skill level 9 in Unarmed Combat
   165 | D        | Slain by an unseen horror

Illustrated notes

Levels and vault maps discovered:
D:        linesprint [early_d, line_temple, items_1, d_10, items_2, lair_1,
          lair_end, items_3, orc_1, orc_end, items_4, d_15, swamp_1, shoals_1,
          snake_1, spider_1, d_20, vaults_1, items_5, swamp_end, shoals_end,
          snake_end, spider_end, vaults_end, d_27, items_6, zot_1, zot_end,
          crypt_end, forest_end, elf_end, slime_end, tomb_end, abyss_end,
          pan_hell_end]

Skill      XL: |  1  2  3  4  5  6 |
---------------+-------------------+-----
Fighting       | 3 4 6 |  6.9
Dodging        | 3 4 6 7 |  7.0
Unarmed Combat | 4 5 8 9 |  9.8

Action                   |  1- 3 |  4- 6 || total
-------------------------+-------+-------++-------
Melee: Unarmed           |    19 |    10 ||    29
       Punch             |     1 |       ||     1
Invok: Berserk           |     1 |     1 ||     2
Armor: Animal skin       |     3 |     1 ||     4
Dodge: Dodged            |     4 |     5 ||     9

Table legend: (Time is in decaauts)
 A = Elapsed time spent in this place.
 B = Non-inter-level travel time spent in this place.
 C = Inter-level travel time spent in this place.
 D = Time resting spent in this place.
 E = Time spent auto-exploring this place.
 F = Levels seen in this place.
 G = Mean time per level.
                   A        B        C        D        E       F      G
               +--------+--------+--------+--------+--------+-----+--------+
         Total |    174 |    174 |      0 |     71 |      3 |   1 |  174.0 |
       Dungeon |    174 |    174 |      0 |     71 |      3 |   1 |  174.0 |
               +--------+--------+--------+--------+--------+-----+--------+

Top non-repeatable levels by time:
       D: 174 daAuts
